 Dungeon Crawl Stone Soup version 0.22-a0-423-g4197694 (webtiles) character file.

40 opiumtea the Firebug (level 3, 0/24 HPs)
             Began as a Demonspawn Fire Elementalist on May 23, 2018.
             Killed from afar by a dart slug (4 damage)
             ... with a slug dart
             ... on level 2 of the Dungeon.
             The game lasted 00:05:27 (980 turns).

opiumtea the Firebug (Demonspawn Fire Elementalist)  Turns: 980, Time: 00:05:28

Health: 0/24       AC:  3    Str:  8    XL:     3   Next: 30%
Magic:  0/6        EV: 11    Int: 16    God:
Gold:   153        SH:  0    Dex: 14    Spells: 5/6 levels left

rFire    . . .     SeeInvis .   h - +0 short sword (elec)
rCold    . . .     Gourm    .   (no shield)
rNeg     . . .     Faith    .   o - +0 leather armour (curse)
rPois    .         Spirit   +   (no helmet)
rElec    .         Reflect  .   (no cloak)
rCorr    .         Harm     .   (no gloves)
MR       .....                  (no boots)
Stlth    ++........             (no amulet)
HPRegen  0.08/turn              (no ring)
MPRegen  0.10/turn              (no ring)

@: very slightly contaminated
A: magic shield
a: no special abilities


You were on level 2 of the Dungeon.
You were not hungry.

You visited 1 branch of the dungeon, and saw 2 of its levels.

You collected 153 gold pieces.

Inventory:

Hand Weapons
 d - a +0 short sword
 h - a +0 short sword of electrocution (weapon)
 m - a +0 club
Armour
 a - a +0 robe
 o - a cursed +0 leather armour (worn)
 p - a +0 leather armour
Scrolls
 e - 2 scrolls of identify {unknown}
 f - 2 scrolls of fear {unknown}
 j - 3 scrolls of remove curse {unknown}
 k - 2 scrolls of teleportation {unknown}
Potions
 b - a potion of might {unknown}
 i - a potion of resistance {unknown}
 l - a potion of berserk rage {unknown}
 n - a potion of invisibility {unknown}
 q - a potion of curing {unknown}
Comestibles
 c - 4 rations
 g - 3 chunks of flesh


   Skills:
 - Level 0.1 Short Blades
 - Level 1.7 Dodging
 - Level 1.7 Stealth
 + Level 2.2 Spellcasting
 + Level 1.0 Conjurations
 + Level 3.8 Fire Magic


You had 5 spell levels left.
You knew the following spells:

 Your Spells              Type           Power        Failure   Level  Hunger
a - Flame Tongue          Conj/Fire      #....        11%         1    #......

Your spell library contained the following spells:

 Spells                   Type           Power        Failure   Level  Hunger
 Fireball                 Conj/Fire      #.........   96%         5    ######.
 Conjure Flame            Conj/Fire      #.......     32%         3    ###....
 Throw Flame              Conj/Fire      #.....       16%         2    ###....
 Sticky Flame             Conj/Fire      #.......     71%         4    #####..
 Inner Flame              Hex/Fire       #.......     38%         3    ###....


Dungeon Overview and Level Annotations

Branches:
Dungeon (2/15)

Altars:


Innate Abilities, Weirdness & Mutations

When hurt, damage is shared between your health and your magic reserves.


Message History

The goblin shoots a stone.
The stone hits you.
* * * LOW HITPOINT WARNING * * *
You see here a stone.
Casting: Flame Tongue (safe; 11% risk of failure)
Confirm with . or Enter, or press ? or * to list all spells.
Aiming: Flame Tongue (safe; 11% risk of failure)
Press: ? - help, Shift-Dir - straight line, f - goblin
Aim: a goblin, wielding a hunting sling The flame tongue hits the goblin.
You kill the goblin!
The dart slug launches a dart at you. The slug dart hits you!
* * * LOW HITPOINT WARNING * * *
Casting: Flame Tongue (safe; 11% risk of failure)
Confirm with . or Enter, or press ? or * to list all spells.
You don't have enough magic to cast that spell.
Unknown command.
The dart slug launches a dart at you. The slug dart hits you!
You die...

## ######
...[...(..######
..$....!.......# #
...............# #
...............# #
.w..........<..# #
.?..........@..#########
#
..........w)..(..(.....##
#
.....(..?.((...#######..#
# ##########.....# ##.##
# #.....# #..# #.....#
##.# ####### #.#
#########.####
#.............


You could see a dart slug.

Vanquished Creatures
  An adder (D:2)
  3 worms (D:2)
  A leopard gecko (D:1)
  A giant cockroach (D:1)
  2 hobgoblins (D:1)
  3 bats (D:1)
  4 goblins
  2 kobolds (D:1)
  7 rats
24 creatures vanquished.

Notes
Turn   | Place    | Note
-------+----------+-------------------------------------------
     0 | D:1      | opiumtea the Demonspawn Fire Elementalist began the quest for the Orb.
     0 | D:1      | Reached XP level 1. HP: 13/13 MP: 3/3
   257 | D:1      | Reached skill level 3 in Fire Magic
   339 | D:1      | Gained mutation: When hurt, damage is shared between your health and your magic reserves. [demonic ancestry]
   339 | D:1      | Reached XP level 2. HP: 15/19 MP: 5/5
   897 | D:2      | Reached XP level 3. HP: 15/24 MP: 1/6
   980 | D:2      | Killed from afar by a dart slug

Vault maps used:
D:1:      dpeg_arrival_concentric_ovals, minmay_bisected

Skill      XL: |  1 |
---------------+----+-----
Fire Magic     | 3 |  3.8
Short Blades   | |  0.1
Dodging        | |  1.7
Stealth        | |  1.7
Spellcasting   | |  2.2
Conjurations   | |  1.0

Action                   || total
-------------------------++-------
Melee: Short sword       ||    46
 Cast: Flame Tongue      ||    15
 Stab: Sleeping          ||     5
Armor: Robe              ||     4
       Leather armour    ||     2
Dodge: Dodged            ||    24

Table legend:
 A = Spawn XP
 B = Non-spawn XP
 C = Spawn XP percentage of total XP
 D = Spawn monster count
 E = Non-spawn monster count
 F = Spawn count percentage of total count
 G = Total turns spent on level
                    A         B        C        D         E        F      G
               +---------+---------+-------+---------+---------+-------+---------
         Total |       0 |      58 |   0.0 |       0 |      24 |   0.0 |   980
               +---------+---------+-------+---------+---------+-------+---------
           D:1 |       0 |      25 |   0.0 |       0 |      16 |   0.0 |   843
           D:2 |       0 |      33 |   0.0 |       0 |       8 |   0.0 |   137
               +---------+---------+-------+---------+---------+-------+---------
